 Dungeon Crawl Stone Soup version 0.21.1-1-g345015fe64 (webtiles) character file.

70 Ivernyr the Bolt Thrower (level 4, 34/39 HPs)
             Began as a Deep Dwarf Arcane Marksman on May 31, 2018.
             Quit the game on level 3 of the Dungeon.
             The game lasted 00:06:09 (1708 turns).

Ivernyr the Bolt Thrower (DDAM)                     Turns: 1708, Time: 00:06:10

Health: 34/39      AC:  3    Str: 18    XL:     4   Next: 4%
Magic:  4/4        EV: 12    Int: 13    God:
Gold:   61         SH:  0    Dex: 14    Spells: 4/5 levels left

rFire    . . .     SeeInvis +   b - +0 whip
rCold    . . .     Gourm    .   (no shield)
rNeg     . . .     Faith    .   e - +0 robe
rPois    .         Spirit   .   (no helmet)
rElec    .         Reflect  .   (no cloak)
rCorr    .         Harm     .   (no gloves)
MR       .....                  r - +0 pair of boots
Stlth    +.........             (no amulet)
HPRegen  0.00/turn              j - ring of see invisible
MPRegen  0.09/turn              p - +4 ring of strength

@: non-regenerating
A: damage resistance, heal wounds, sense surroundings 1, no regeneration
a: Heal Wounds


You were on level 3 of the Dungeon.
You were not hungry.

You visited 1 branch of the dungeon, and saw 3 of its levels.

You collected 61 gold pieces.

Inventory:

Hand Weapons
 a - a +0 hand crossbow
 b - a +0 whip (weapon)
Missiles
 d - 67 bolts
Armour
 e - a +0 robe (worn)
 r - a +0 pair of boots (worn)
Jewellery
 j - a ring of see invisible (left hand)
 p - a +4 ring of strength (right hand)
Scrolls
 g - a scroll of noise {unknown}
 k - 3 scrolls of teleportation {unknown}
 m - a scroll of identify {unknown}
 o - a scroll of amnesia {unknown}
Potions
 h - a potion of might {unknown}
 i - 3 potions of cancellation {unknown}
 l - a potion of curing {unknown}
 n - a potion of lignification {unknown}
 q - a potion of berserk rage {unknown}
Books
 c - a book of Debilitation

   Spells                             Type                      Level
   a - Corona                         Hexes                        1
   b - Slow                           Hexes                        2
   c - Inner Flame                    Hexes/Fire                   3
   d - Portal Projectile              Hexes/Translocation          3
   e - Cause Fear                     Hexes                        4
   f - Leda's Liquefaction            Hexes/Earth                  4
Comestibles
 f - 3 rations


   Skills:
 + Level 1.8 Fighting
 * Level 3.7 Crossbows
 + Level 1.6 Armour
 - Level 2.1 Dodging
 - Level 1.0 Spellcasting
 - Level 2.4 Hexes


You had 4 spell levels left.
You knew the following spells:

 Your Spells              Type           Power        Failure   Level  Hunger
a - Corona                Hex            #......      11%         1    ##.....


Dungeon Overview and Level Annotations

Branches:
Dungeon (3/15)

Altars:
Dithmenos


Innate Abilities, Weirdness & Mutations

You are resistant to damage.
You can heal yourself by infusing magical energy.
You passively map a small area around you.
You do not regenerate.


Message History

You hit the kobold but do no damage.
The kobold is heavily wounded.
The kobold closely misses you.
You hit the kobold.
You kill the kobold!
i - 3 yellow potions (gained 1)
Things that are here:
a club; 4 stones; a kobold corpse You now have 61 gold pieces (gained 7).
Found a dagger.
You see here a dagger.
Found a quarterstaff.
Found a club.
You see here a quarterstaff.
A ball python comes into view.
A ball python is nearby!
The helpless ball python fails to defend itself.
You hit the ball python.
You kill the ball python!
Are you sure you want to abandon this character and quit the game? (Confirm with "yes".)

####.#.# , #*, ,
#.#)# .# *
#.#.####### .#
#.#.......#####.##
* ,
#.#######........##
#.# #####.....# ,*
*#.* #.###.... ..#
** #######.# .#
#....* ,.......@#**
,* #.. , #########
, , . ,, , * ,
###.. * ..... ,
####. ## * * , .##
, ,


There were no monsters in sight!

Vanquished Creatures
  An adder (D:3)
  A worm (D:3)
  A dart slug (D:1)
  3 leopard geckos
  An orc (D:3)
  4 bats
  2 giant cockroaches
  7 goblins
  6 hobgoblins
  3 jackals (D:3)
  3 ball pythons
  5 frilled lizards
  7 kobolds
  5 rats
49 creatures vanquished.

Notes
Turn   | Place    | Note
-------+----------+-------------------------------------------
     0 | D:1      | Ivernyr the Deep Dwarf Arcane Marksman began the quest for the Orb.
     0 | D:1      | Reached XP level 1. HP: 16/16 MP: 2/2
    74 | D:1      | Reached skill level 1 in Fighting
   236 | D:1      | Reached XP level 2. HP: 25/25 MP: 3/3
   587 | D:1      | Reached skill level 1 in Armour
   605 | D:1      | Reached skill level 3 in Crossbows
   727 | D:1      | Reached XP level 3. HP: 30/31 MP: 4/4
   936 | D:2      | Found a shadowy altar of Dithmenos.
  1636 | D:3      | Reached XP level 4. HP: 38/39 MP: 4/4
  1708 | D:3      | Quit the game

Skill      XL: |  1  2 |
---------------+-------+-----
Fighting       | 1 |  1.8
Armour         | 1 |  1.6
Crossbows      | 3 |  3.7
Dodging        | |  2.1
Spellcasting   | |  1.0
Hexes          | |  2.4

Action                   |  1- 3 |  4- 6 || total
-------------------------+-------+-------++-------
Melee: Club              |    90 |       ||    90
       Unarmed           |    11 |       ||    11
       Whip              |   111 |    14 ||   125
 Abil: Heal Wounds       |     4 |       ||     4
 Stab: Sleeping          |     1 |     1 ||     2
  Eat: Chunk             |     3 |       ||     3
Armor: Robe              |    37 |       ||    37
Dodge: Dodged            |   145 |     8 ||   153
